 Dungeon Crawl Stone Soup version 0.29.0-4-gdea44cf6ec (webtiles) character file.

Game seed: 6874147853223923145

961 voltaire321 the Chiller (level 7, -2/57 HPs)
             Began as a Demigod Ice Elementalist on Aug 27, 2022.
             Killed by divine providence
             ... invoked by an orc priest
              (12 damage)
             ... on level 5 of the Dungeon.
             The game lasted 00:20:13 (7290 turns).

voltaire321 the Chiller (Demigod Ice Elementalist)  Turns: 7290, Time: 00:20:14

Health: -2/57      AC: 16    Str: 21    XL:     7   Next: 60%
Magic:  13/15      EV: 11    Int: 17    God:
Gold:   600        SH:  0    Dex: 12    Spells: 9/13 levels left

rFire   . . .      SeeInvis +   q - +3 scimitar
rCold   . . .      Faith    .   (no shield)
rNeg    . . .      Spirit   .   m - +5 scale mail of Eshup {rCorr Str+4 Dex-2 SInv}
rPois   .          Reflect  .   i - +0 helmet
rElec   .          Harm     .   u - +0 cloak
rCorr   +          Rampage  .   (no gloves)
Will    .....                   k - +1 pair of boots
Stlth   ..........              (no amulet)
HPRegen 0.19/turn               (no ring)
MPRegen 0.14/turn               (no ring)

@: lethally poisoned (-2 -> -20)
A: high MP 1, forlorn, divine attributes
a: no special abilities


You were on level 5 of the Dungeon.
You visited 2 branches of the dungeon, and saw 6 of its levels.

You collected 600 gold pieces.

Inventory:

Hand Weapons
 q - a +3 scimitar (weapon)
Missiles
 h - 2 poisoned darts (quivered)
Armour
 i - a +0 helmet (worn)
 k - a +1 pair of boots (worn)
 m - the +5 scale mail of Eshup (worn) {rCorr Str+4 Dex-2 SInv}
   (You found it on level 4 of the Dungeon)

   Str:       It affects your strength (+4).
   Dex:       It affects your dexterity (-2).
   SInv:      It lets you see invisible.
   rCorr:     It protects you from acid and corrosion.
 s - a +3 scale mail of poison resistance
 u - a +0 cloak (worn)
Jewellery
 g - a ring of fire
 w - a ring of resist corrosion
Wands
 c - a wand of roots (7)
Scrolls
 l - a scroll of blinking {unknown}
 p - 2 scrolls of identify
Potions
 a - 3 potions of ambrosia
 b - 2 potions of magic
 e - 2 potions of lignification
 o - a potion of flight
 r - 2 potions of might
 t - a potion of invisibility {unknown}
 v - a potion of haste
 z - 4 potions of brilliance


   Skills:
 + Level 3.3 Fighting
 + Level 3.3 Armour
 + Level 4.1 Dodging
 - Level 2.0 Stealth
 + Level 3.7 Spellcasting
 + Level 5.2 Ice Magic


You had 9 spell levels left.
You knew the following spells:

 Your Spells              Type           Power      Damage    Failure   Level
a - Freeze                Ice            80%        1d9       5%          1
b - Frozen Ramparts       Ice            40%        1d7       16%         3

Your spell library contained the following spells:

 Spells                   Type           Power      Damage    Failure   Level
 Ozocubu's Armour         Ice            20%        N/A       16%         3
 Confusing Touch          Hex            3%         N/A       78%         3
 Hailstorm                Conj/Ice       12%        3d5       83%         4
 Yara's Violent Unravell  Hex/Tmut       1%         3d3       100%        5
 Enfeeble                 Hex            1%         N/A       100%        7


Dungeon Overview and Level Annotations

Branches:
Dungeon (5/15)             Temple (1/1) D:4

Annotations:
D:3 3 runed translucent doors, BuzzyBeetle's ghost, amateur KoBr; FrogKing's ghost, amateur OgCj; GigaChad's ghost, weakling MiFi


Innate Abilities, Weirdness & Mutations

You have an increased reservoir of magic. (+10% MP)
You shall have no god before yourself.
Your divine heritage dramatically boosts your attributes as you level up.


Message History

You no longer become unable to read scrolls after taking damage.
* * * LOW HITPOINT WARNING * * *
You feel very sick.
The wall freezes the orc priest but does no damage.
The orc priest barely misses you.
The wall freezes the orc priest.
The orc priest begins to cast a cantrip, but forgets the words!
As you read the scroll of fear, it crumbles to dust.
You assume a fearsome visage.
The orc priest looks frightened! x2
* * * LOW HITPOINT WARNING * * *
You feel sick.
The wall freezes the orc priest.
Your attack snaps the orc priest out of its fear.
The wall freezes the orc priest but does no damage.
It was a potion of curing.
You feel better.
The wall freezes the orc priest but does no damage.
The wall freezes the orc priest.
Your attack snaps the orc priest out of its fear.
You hit the orc priest.
The orc priest is severely wounded.
The orc priest hits you but does no damage.
You are poisoned.
The orc priest hits you but does no damage.
You are lethally poisoned!
You barely miss the orc priest.
The orc priest is severely wounded.
* * * LOW HITPOINT WARNING * * *
You feel very sick.
The orc priest hits you but does no damage.
You are more poisoned.
It was a potion of heal wounds.
You feel much better.
The frozen ramparts melt away.
You feel very sick.
The orc priest hits you with a +1 whip of venom.
You are more poisoned.
You barely miss the orc priest.
The orc priest is severely wounded.
* * * LOW HITPOINT WARNING * * *
You feel extremely sick.
The orc priest mumbles some strange prayers to Beogh against you.
Beogh smites you!
You die...

#####...#.## #.........#.......#
###.#.#####.........#.......#
#######.#........########.......#
...........>....## #........#
.................#######........#
..........######.......o........#
...............####.............#
.............<..##..####........#
................@..## ..........#
................o.##...##.......#
#######...........##.## #########
#..........### #......(...##.
##............# #..........####
#..........# #..........#


You could see 2 orc priests.

Vanquished Creatures
  A black bear (D:5)
  2 ogres (D:5)
  3 necrophages (D:5)
  2 scorpions (D:5)
  A jelly (D:4)
  An orc priest (D:3)
  An iguana (D:5)
  2 orc wizards
  Terence (D:2)
  Robin (D:2)
  6 adders
  4 gnolls (D:4)
  2 ufetubi (D:5)
  3 worms
  3 dart slugs
  23 orcs
  5 bats
  9 endoplasms
  2 giant cockroaches (D:2)
  10 goblins
  9 hobgoblins
  5 quokkas
  3 ball pythons
  3 frilled lizards
  8 kobolds
  8 rats
118 creatures vanquished.

Notes
Turn   | Place    | Note
-------+----------+-------------------------------------------
     0 | D:1      | voltaire321 the Demigod Ice Elementalist began the quest
                  | for the Orb.
     0 | D:1      | Reached XP level 1. HP: 14/14 MP: 5/5
   486 | D:1      | Reached XP level 2. HP: 13/20 MP: 1/7
  1183 | D:2      | Reached XP level 3. HP: 14/27 MP: 1/8
  1417 | D:2      | Noticed Terence
  1426 | D:2      | Learned a level 3 spell: Frozen Ramparts
  2009 | D:2      | Killed Terence
  2010 | D:2      | Reached skill level 1 in Fighting
  2010 | D:2      | Reached skill level 1 in Armour
  2010 | D:2      | Reached skill level 4 in Ice Magic
  2297 | D:2      | Reached XP level 4. HP: 30/35 MP: 10/10
  2539 | D:2      | Noticed Robin
  2637 | D:2      | Killed Robin
  2839 | D:2      | You fall into a shaft and drop 1 floor!
  2900 | D:3      | Reached XP level 5. HP: 21/40 MP: 7/11
  3943 | D:3      | Found a runed translucent gate.
  3944 | D:3      | Found a runed translucent gate.
  3945 | D:3      | Found a runed translucent gate.
  3946 | D:3      | Noticed GigaChad's ghost (weakling MiFi)
  3946 | D:3      | Noticed FrogKing's ghost (amateur OgCj)
  3946 | D:3      | Noticed BuzzyBeetle's ghost (amateur KoBr)
  5294 | D:4      | Identified the +5 scale mail of Eshup {rCorr Str+4 Dex-2
                  | SInv}
  5965 | D:4      | Found a staircase to the Ecumenical Temple.
  5970 | Temple   | Entered the Ecumenical Temple
  6278 | D:5      | Entered Level 5 of the Dungeon
  6289 | D:5      | Reached XP level 6. HP: 48/48 MP: 11/13
  6952 | D:5      | Reached XP level 7. HP: 56/56 MP: 8/15
  6962 | D:5      | Reached skill level 5 in Ice Magic
  7284 | D:5      | Gained mutation: You occasionally lose the ability to read
                  | scrolls when taking damage. [potion of mutation]
  7284 | D:5      | Lost mutation: You occasionally lose the ability to read
                  | scrolls when taking damage. [potion of mutation]
  7285 | D:5      | HP: 2/57 [poisoned by an orc priest]
  7290 | D:5      | Killed from afar by an orc priest

Illustrated notes

Levels and vault maps discovered:
D:1:      denvon_arrival_planthouse, layout_basic
D:2:      layout_loops_ring, hellmonk_ecumenical_altar_inner_sanctum,
          uniq_terence, uniq_robin
D:3:      layout_loops_cross, nicolae_ru_awakened_eye, gammafunk_ghost_cemetery,
          kennysheep_boxes
D:4:      layout_layer_cave, temple_doors_e
D:5:      minmay_polygon_palace, layout_rooms
Temple:   compressed_dpeg_triangle_lava_temple

Skill      XL: |  1  2  3  4  5  6  7 |
---------------+----------------------+-----
Stealth        | 2 |  2.0
Dodging        | 2 3 4 |  4.1
Spellcasting   | 2 3 |  3.7
Fighting       | 1 2 3 |  3.3
Armour         | 1 2 3 |  3.3
Ice Magic      | 4 5 |  5.2

Action                   |  1- 3 |  4- 6 |  7- 9 || total
-------------------------+-------+-------+-------++-------
Melee: Short sword       |    92 |    87 |       ||   179
       Dagger            |     5 |       |       ||     5
       Scimitar          |       |    86 |    22 ||   108
       Punch             |       |     2 |     1 ||     3
Throw: Dart              |       |     4 |       ||     4
 Cast: Freeze            |    39 |    87 |       ||   126
       Frozen Ramparts   |     1 |     2 |     3 ||     6
  Use: Potion            |       |     1 |     3 ||     4
       Scroll            |       |    15 |     5 ||    20
 Stab: Sleeping          |     4 |       |       ||     4
Armor: Robe              |    32 |       |       ||    32
       Scale mail        |    34 |   168 |    13 ||   215
Dodge: Dodged            |    99 |   169 |    11 ||   279
